 Dungeon Crawl Stone Soup version 0.26.1-11-gd32895ea62 (webtiles) character file.

Game seed: 17578010253466149514

3859 Amplified the Fighter (level 10, -9/83 HPs)
             Began as a Human Delver on July 28, 2021.
             Was a High Priest of Zin.
             Mangled by a red ugly thing (13 damage)
             ... on level 11 of the Dungeon.
             The game lasted 00:12:43 (9170 turns).

Amplified the Fighter (Human Delver)                Turns: 9170, Time: 00:12:43

Health: -9/83      AC: 15    Str: 24    XL:     10   Next: 41%
Magic:  14/14      EV: 10    Int: 13    God:    Zin [*****.]
Gold:   202        SH:  0    Dex: 22    Spells: 9/9 levels left

rFire    . . .     SeeInvis .   o - +2 hand axe (freeze)
rCold    + . .     Faith    .   (no shield)
rNeg     + . .     Spirit   .   e - +5 chain mail of Too Many Cooks {rC+ rN+}
rPois    ∞         Reflect  .   (no helmet)
rElec    .         Harm     .   (no cloak)
rCorr    .         Rampage  .   A - +1 pair of gloves
Will     .....                  (no boots)
Stlth    ..........             (no amulet)
HPRegen  0.23/turn              h - +6 ring of dexterity
MPRegen  0.14/turn              y - +6 ring of strength

@: vitalised
A: no striking features
a: Renounce Religion, Recite, Vitalisation, Imprison, Sanctuary, Donate Gold


You were on level 11 of the Dungeon.
You worshipped Zin.
Zin was extremely pleased with you.
You visited 1 branch of the dungeon, and saw 11 of its levels.

You collected 517 gold pieces.
You spent 264 gold pieces at shops.
You donated 51 gold pieces to Zin.

Inventory:

Hand Weapons
 o - a +2 hand axe of freezing (weapon)
 J - a +2 scimitar of distortion
Missiles
 k - a javelin
 n - 32 poisoned darts
 v - 13 curare-tipped darts
 F - a throwing net (quivered)
Armour
 b - a +0 leather armour
 e - the +5 chain mail of Too Many Cooks (worn) {rC+ rN+}
   (You found it on level 5 of the Dungeon)

   It protects you from cold.
   It protects you from negative energy.
 w - a +0 kite shield
 A - a +1 pair of gloves (worn)
 H - a +2 robe of willpower
Jewellery
 a - an uncursed ring of wizardry {unknown}
 h - a +6 ring of dexterity (left hand)
 i - an uncursed amulet of reflection {unknown}
 y - a +6 ring of strength (right hand)
 D - an uncursed ring of fire
 E - a cursed -4 ring of strength
 G - an uncursed ring of stealth {unknown}
 L - an uncursed ring of positive energy {unknown}
 M - a +6 ring of strength
 O - an uncursed ring of poison resistance {unknown}
Wands
 f - a wand of polymorph (5)
 g - a wand of digging (3)
 C - a wand of flame (19)
Scrolls
 c - 3 scrolls of fog
 d - 4 scrolls of remove curse
 j - 8 scrolls of teleportation
 m - a scroll of blinking
 p - a scroll of fear
 t - 2 scrolls of amnesia
 x - 2 scrolls of magic mapping
Potions
 l - 5 potions of flight
 r - 2 potions of haste
 s - 2 potions of might
 u - 2 potions of brilliance
 z - 3 potions of magic
 B - 2 potions of attraction
 I - a potion of cancellation {unknown}
 K - a potion of berserk rage {unknown}


   Skills:
 * Level 9.6 Fighting
 * Level 9.1(9.2) Axes
 - Level 2.0(6.1) Maces & Flails
 - Level 3.0 Dodging
 - Level 5.0 Stealth
 + Level 6.3 Invocations


You had 9 spell levels left.
You didn't know any spells.
Your spell library was empty.

Dungeon Overview and Level Annotations

Branches:
Dungeon (11/15)            Temple (0/1) D:4             Orc (0/2) D:10
   Lair: D:8-11

Altars:
Cheibriados
Dithmenos
Kikubaaqudgha
Wu Jian
Zin

Shops:
D:5 *

Annotations:
D:10 Snorg
D:11 2 runed translucent doors


Message History

The red ugly thing is almost dead.
The red ugly thing struggles against the net. x2
The red ugly thing struggles against the net.
You hit the red ugly thing but do no damage.
The red ugly thing is almost dead.
The red ugly thing struggles against the net.
You hit the red ugly thing but do no damage.
The red ugly thing is almost dead.
The red ugly thing struggles against the net.
You hit the red ugly thing. You freeze the red ugly thing.
The red ugly thing is almost dead.
You completely miss the red ugly thing.
The red ugly thing is almost dead.
The red ugly thing struggles against the net.
The net rips apart, and the red ugly thing comes free!
You are ready to recite again.
The red ugly thing pecks you!
* * * LOW HITPOINT WARNING * * *
You are engulfed in flames!
You die...

#################################
................@u.......(.......
.......##..#.............###.....
#..##..##......######....###.....
.................................
####+######..........######+###+#
..........#......###.#
..........'....[.###.#
####+######..........#
.........###'#########


You could see a red ugly thing.

Vanquished Creatures
  Pikel (D:6)
  Maggie (D:6)
  A hornet (D:11)
  2 wyverns
  Menkaure (D:4)
  A water moccasin (D:6)
  An ice beast (D:8)
  2 phantoms
  2 orc warriors (D:8)
  A black bear (D:8)
  2 ogres
  2 sky beasts
  A necrophage (D:5)
  A centaur (D:6)
  2 big kobolds
  3 bullfrogs
  3 scorpions
  A howler monkey (D:7)
  2 jellies
  A quasit (D:5)
  2 hounds
  4 orc priests
  5 orc wizards
  A bullfrog skeleton (D:7)
  An iguana (D:6)
  3 worker ants
  A hound skeleton (D:11)
  3 gnolls (D:5)
  10 adders
  2 shadow imps
  An ufetubus (D:4)
  An ooze (D:4)
  An adder zombie (D:8)
  2 adder skeletons
  2 worms (D:2)
  2 leopard geckos
  43 orcs
  2 ball pythons (D:1)
  6 giant cockroaches
  8 goblins
  A hobgoblin (D:2)
  13 jackals
  2 quokkas
  2 bats (D:1)
  5 frilled lizards
  13 kobolds
  A leopard gecko skeleton (D:4)
  11 rats
179 creatures vanquished.

Vanquished Creatures (others)
  A quokka (D:10)
1 creature vanquished.

Grand Total: 180 creatures vanquished

Notes
Turn   | Place    | Note
-------+----------+-------------------------------------------
     0 | D:5      | Amplified the Human Delver began the quest for the Orb.
     0 | D:5      | Reached XP level 1. HP: 18/18 MP: 1/1
    10 | D:5      | Found a glowing silver altar of Zin.
    18 | D:5      | Became a worshipper of Zin the Law-Giver
    40 | D:5      | Got a faintly glowing chain mail
    60 | D:5      | Identified the +5 chain mail of Too Many Cooks {rC+ rN+}
                  | (You found it on level 5 of the Dungeon)
   124 | D:4      | Noticed an orc priest
   125 | D:4      | Noticed an orc wizard
   386 | D:5      | Noticed a worker ant
   473 | D:5      | Found Huema's Assorted Antiques.
   491 | D:5      | Bought a scroll labelled KOLODI QOIGALL for 23 gold pieces
   552 | D:5      | Noticed a phantom
   565 | D:5      | Reached skill level 1 in Axes
   565 | D:5      | Reached XP level 2. HP: 24/24 MP: 2/2
   633 | D:5      | Reached XP level 3. HP: 29/29 MP: 3/3
   746 | D:5      | Reached XP level 4. HP: 35/37 MP: 4/4
   747 | D:5      | Noticed a necrophage
   776 | D:5      | Killed a necrophage
   777 | D:5      | Reached XP level 5. HP: 29/43 MP: 5/5
   934 | D:4      | Reached XP level 6. HP: 46/49 MP: 6/6
  1001 | D:4      | Reached * piety under Zin
  1284 | D:2      | Found a snail-covered altar of Cheibriados.
  1284 | D:2      | Noticed a torpor snail
  1284 | D:2      | Noticed a torpor snail
  1288 | D:2      | Noticed a torpor snail
  1361 | D:2      | Reached skill level 1 in Invocations
  1751 | D:1      | Reached ** piety under Zin
  2830 | D:4      | Noticed Menkaure
  3523 | D:4      | Killed Menkaure
  3524 | D:4      | Reached skill level 5 in Fighting
  3524 | D:4      | Reached XP level 7. HP: 56/56 MP: 6/8
  3864 | D:4      | Found a staircase to the Ecumenical Temple.
  3922 | D:4      | Reached *** piety under Zin
  4491 | D:5      | Reached **** piety under Zin
  4735 | D:5      | Reached skill level 5 in Axes
  4735 | D:5      | Reached XP level 8. HP: 57/64 MP: 8/10
  4799 | D:6      | Found an ancient bone altar of Kikubaaqudgha.
  4984 | D:6      | Found an ornate altar of the Wu Jian Council.
  5378 | D:6      | Noticed Pikel
  5392 | D:6      | Killed Pikel
  5393 | D:6      | Reached XP level 9. HP: 66/72 MP: 10/12
  5547 | D:6      | Noticed Maggie
  5561 | D:6      | Killed Maggie
  6100 | D:5      | Bought a scroll of magic mapping for 80 gold pieces
  6100 | D:5      | Bought a scroll of teleportation for 69 gold pieces
  6100 | D:5      | Bought a scroll labelled GEIZAAJETHUSS for 23 gold pieces
  6100 | D:5      | Bought a potion of curing for 69 gold pieces
  6592 | D:7      | Found a shadowy altar of Dithmenos.
  6888 | D:7      | Reached skill level 5 in Invocations
  7736 | D:8      | Reached ***** piety under Zin
  7829 | D:8      | Reached XP level 10. HP: 82/82 MP: 14/14
  8274 | D:9      | Noticed a two-headed ogre
  8318 | D:10     | Entered Level 10 of the Dungeon
  8318 | D:10     | Noticed Snorg
  8738 | D:11     | Paralysed by a hornet for 3 turns
  9068 | D:11     | Noticed an orc knight
  9079 | D:11     | Found a large runed translucent door.
  9080 | D:11     | Found a large runed translucent door.
  9085 | D:11     | Noticed a cyclops
  9088 | D:11     | Noticed a naga warrior
  9093 | D:11     | Noticed a cyclops
  9143 | D:11     | Noticed a red ugly thing
  9170 | D:11     | HP: 4/83 [red ugly thing (8)]
  9170 | D:11     | Mangled by a red ugly thing

Illustrated notes

Levels and vault maps discovered:
D:1:      onia_arrival_pentagram, layout_loops_ring
D:2:      layout_rooms, cheibriados_altar_2, minmay_diced_spiral
D:3:      layout_basic
D:4:      layout_basic, minmay_temple_entry_nine_rooms, uniq_menkaure
D:5:      layout_cave_pods, old_standard_altar, serial_shops,
          kennysheep_mini_moat
D:6:      layout_gridville, nicolae_overflow_crystal_walls, lemuel_round_altar,
          uniq_maggie, uniq_pikel
D:7:      layout_loops_cross, nicolae_dithmenos_the_darkroom
D:8:      layout_rooms, minmay_fractal_squares_diagonal_5
D:9:      minmay_the_grid_3x3 [minmay_the_grid_diamond_grid,
          minmay_the_grid_empty, minmay_the_grid_dragon_b,
          minmay_the_grid_empty, minmay_the_grid_mess,
          minmay_the_grid_outer_circle, minmay_the_grid_holed_spiral,
          minmay_the_grid_embedded, minmay_the_grid_prize_big_room],
          layout_irregular_city, grunt_temple_overflow_champion_of_chaos,
          minitemple, minmay_strange_pillars, nemelex_lonely_heart_becter,
          uniq_psyche
D:10:     layout_roguey, zombieorc1_lemuel, gammafunk_ghost_necromancy,
          lemuel_flamethrower_hall, uniq_snorg, uniq_harold
D:11:     okawaru_arena_lexackson, layout_stronghold, lair_entry_dummy,
          gammafunk_ghost_hydra_chop, basic_altar

Skill      XL: |  1  2  3  4  5  6  7  8  9 10 |
---------------+-------------------------------+-----
Axes           | 1 2 3 4 5 6 8 9 |  9.1
Fighting       | 4 5 6 7 8 9 |  9.6
Dodging        | 3 |  3.0
Invocations    | 1 2 4 5 6 |  6.3
Maces & Flails | |  2.0
Stealth        | |  5.0

Action                   |  1- 3 |  4- 6 |  7- 9 | 10-12 || total
-------------------------+-------+-------+-------+-------++-------
Melee: Mace              |     9 |       |       |       ||     9
       War axe           |    12 |   185 |   321 |    83 ||   601
       Hand axe          |       |       |       |    29 ||    29
Throw: Javelin           |     3 |     1 |     1 |     3 ||     8
       Throwing net      |       |       |       |     1 ||     1
Invok: Recite            |       |       |     3 |     3 ||     6
       Vitalisation      |       |       |       |     2 ||     2
Evoke: Wand              |       |     1 |    12 |     1 ||    14
  Use: Scroll            |     6 |     7 |     4 |     5 ||    22
       Potion            |     2 |       |     2 |     2 ||     6
 Stab: Paralysed         |       |     3 |    17 |       ||    20
       Confused          |       |       |     2 |       ||     2
       Invisible         |       |       |     1 |       ||     1
Armor: Chain mail        |    12 |   180 |   200 |    53 ||   445
Dodge: Dodged            |     3 |   111 |   149 |    56 ||   319
